[Event "Titled Tuesday Blitz July 18 Early 2023"]
[White "Souleidis, Georgios"]
[Black "Buchenau, Frank"]
[WhiteFideId "4206827"]
[BlackFideId "4604350"]
[WhiteElo "2553"]
[BlackElo "2418"]
[Result "0-1"]
[Round "7"]
[TimeControl "180+2"]
[Date "2023.07.18"]
[WhiteClock "0:00:49"]
[BlackClock "0:01:46"]
[Board "122"]

1. e4 e6 2. d4 d5 3. Nc3 Nf6 4. Bg5 dxe4 5. Nxe4 Be7 6. Nxf6+ Bxf6 7. Bxf6 Qxf6 8. Nf3 O-O 9. Bd3 c5 10. Qe2 cxd4 11. O-O-O Nc6 12. Be4 Bd7 13. Bxc6 Bxc6 14. Nxd4 Bxg2 15. Rhg1 Rfd8 16. Qe3 e5 17. Nf3 0-1


[Site "https://www.chess.com"]

[Event "Titled Tuesday Blitz July 18 Early 2023"]
[White "Lana Rodriguez, David"]
[Black "Bueno, Alfeu Junior Varela"]
[WhiteFideId "2270803"]
[BlackFideId "2108879"]
[WhiteElo "2545"]
[BlackElo "2413"]
[Result "1-0"]
[Round "7"]
[TimeControl "180+2"]
[Date "2023.07.18"]
[WhiteClock "0:02:43"]
[BlackClock "0:00:00"]
[Board "123"]

1. e4 e6 2. Nf3 d5 3. e5 c5 4. b4 Nc6 5. bxc5 d4 6. Bd3 Bxc5 7. Ba3 Bxa3 8. Nxa3 Nge7 9. Nc4 O-O 10. Bxh7+ Kxh7 11. Ng5+ Kh6 12. Qg4 Nf5 13. f4 Rg8 14. Nxf7+ Kh7 15. Nxd8 Rxd8 16. Qh5+ Kg8 17. g4 Nfe7 18. Nd6 Rf8 19. O-O b6 20. Rf3 Nxe5 21. Rh3 1-0


[Site "https://www.chess.com"]

[Event "Titled Tuesday Blitz July 18 Early 2023"]
[White "Estrada Nieto, Julian"]
[Black "Slovineanu, Viacheslav"]
[WhiteFideId "5101018"]
[BlackFideId "13900510"]
[WhiteElo "2515"]
[BlackElo "2381"]
[Result "1-0"]
[Round "7"]
[TimeControl "180+2"]
[Date "2023.07.18"]
[WhiteClock "0:00:18"]
[BlackClock "0:00:00"]
[Board "124"]

1. e4 c6 2. d4 d5 3. exd5 cxd5 4. c3 Nf6 5. Bf4 Nc6 6. Nf3 Bg4 7. Bd3 e6 8. Nbd2 Bxf3 9. Nxf3 Bd6 10. Bxd6 Qxd6 11. O-O O-O 12. Qb3 Qc7 13. Rae1 a6 14. Ne5 Nxe5 15. dxe5 Nd7 16. Qc2 g6 17. Qe2 Rfd8 18. f4 d4 19. cxd4 Qb6 20. Qf2 Nf8 21. Be4 Rxd4 22. Rd1 Rad8 23. Rxd4 Qxd4 24. Qxd4 Rxd4 25. Bxb7 a5 26. b3 Nd7 27. Ba6 Kg7 28. g3 g5 29. Bb5 gxf4 30. Bxd7 Rxd7 31. Rxf4 Rd2 32. Ra4 Rd5 33. Re4 Rd2 34. a3 Kg6 35. g4 h6 36. h4 Rb2 37. b4 axb4 38. Rxb4 Ra2 39. a4 h5 40. gxh5+ Kxh5 41. Kf1 Kg6 42. Rf4 Kg7 43. Ke1 Kg6 44. Kd1 Kg7 45. Re4 Kg6 46. Rf4 Kg7 47. Kc1 Re2 48. a5 Rxe5 49. Ra4 Rc5+ 50. Kd2 Rc8 51. a6 1-0


[Site "https://www.chess.com"]

[Event "Titled Tuesday Blitz July 18 Early 2023"]
[White "vishwa_vijeta"]
[Black "Michalczak, Thomas"]
[BlackFideId "4622634"]
[WhiteElo "2372"]
[BlackElo "2509"]
[Result "1-0"]
[Round "7"]
[TimeControl "180+2"]
[Date "2023.07.18"]
[WhiteClock "0:00:26"]
[BlackClock "0:00:00"]
[Board "125"]

1. e4 e5 2. Nf3 Nc6 3. d4 exd4 4. Bc4 Nf6 5. Ng5 Ne5 6. Qxd4 Nxc4 7. Qxc4 d5 8. exd5 Qxd5 9. Qe2+ Be7 10. O-O h6 11. Re1 Qd8 12. Nf3 Be6 13. Qb5+ Qd7 14. Qxb7 O-O 15. Nc3 Rfb8 16. Qa6 Rb6 17. Qe2 Rd8 18. Ne5 Qd4 19. Nd3 Bd6 20. Be3 Qh4 21. h3 Rc6 22. Rad1 Bxh3 23. gxh3 Qxh3 24. f3 Bg3 25. Qg2 Qxg2+ 26. Kxg2 Bxe1 27. Rxe1 a6 28. Kf2 g6 29. Bxh6 Nd5 30. Ne5 Re6 31. Bd2 Nb4 32. Bc1 Nxc2 33. Re4 Nd4 34. Ng4 f5 35. Rxe6 Nxe6 36. Ne5 Kg7 37. Nc4 Rd4 38. Nd2 Rh4 39. Kg3 Rh1 40. Nb3 Rg1+ 41. Kf2 Rh1 42. Kg2 Re1 43. Bd2 Re5 44. Nd1 Kf7 45. Bc3 Rd5 46. Ne3 Rd8 47. Nc4 Rd1 48. Ne5+ Ke8 49. Nxg6 c5 50. Ne5 Nf4+ 51. Kf2 Nd3+ 52. Nxd3 Rxd3 53. Nxc5 Rd1 54. Nxa6 Kd7 55. Nc5+ Kc6 56. Nb3 Rd8 57. Nd4+ Kd5 58. Nxf5 Ra8 59. Ne3+ Kc5 60. a3 Rb8 61. f4 Rd8 62. Kf3 Re8 63. f5 Kd6 64. Kf4 Ke7 65. Ng4 Kf7 66. Nh6+ Ke7 67. Kg5 Rc8 68. Kg6 Rc6+ 69. f6+ Kf8 70. Bb4+ Ke8 71. Kg7 Rc7+ 72. f7+ Kd8 73. Kg8 1-0


[Site "https://www.chess.com"]

[Event "Titled Tuesday Blitz July 18 Early 2023"]
[White "ElenGajger"]
[Black "TomLiu777"]
[WhiteElo "2505"]
[BlackElo "2350"]
[Result "1-0"]
[Round "7"]
[TimeControl "180+2"]
[Date "2023.07.18"]
[WhiteClock "0:00:48"]
[BlackClock "0:00:00"]
[Board "126"]

1. e4 e6 2. d4 d5 3. Nc3 Bb4 4. e5 c5 5. a3 Ba5 6. dxc5 Bxc3+ 7. bxc3 Ne7 8. Be3 Nd7 9. Nf3 Qc7 10. Qd4 Nf5 11. Qf4 Nxc5 12. Bb5+ Bd7 13. Bxc5 Qxc5 14. Bxd7+ Kxd7 15. O-O Qc4 16. Nd4 g6 17. Rfd1 Rac8 18. Rab1 b6 19. g4 Qxc3 20. gxf5 gxf5 21. Rb3 Rhg8+ 22. Kh1 Qc4 23. Rg3 Rxg3 24. hxg3 Rg8 25. Kg2 Rg4 26. Qd2 h5 27. Nf3 h4 28. Nxh4 f4 29. Qd4 Qe2 30. Rd2 Rxg3+ 31. Kh2 Qe1 32. fxg3 Qxg3+ 33. Kh1 Qxh4+ 34. Kg2 Qg3+ 35. Kf1 f3 36. Qf2 Qh3+ 37. Ke1 Qh1+ 38. Qf1 Qh4+ 39. Kd1 Qg4 40. Kc1 Qf4 41. Qf2 Ke7 42. Kb1 Qa4 43. Qxf3 Qb5+ 44. Qb3 Qf1+ 45. Ka2 Qf4 46. Rd3 Qxe5 47. Qc3 Qf5 48. Qc7+ Kf6 49. Qd8+ Ke5 50. Qc7+ 1-0


[Site "https://www.chess.com"]

[Event "Titled Tuesday Blitz July 18 Early 2023"]
[White "Alfaro, William"]
[Black "Novikov, Evgenij"]
[WhiteFideId "6100457"]
[BlackFideId "4125380"]
[WhiteElo "2345"]
[BlackElo "2496"]
[Result "0-1"]
[Round "7"]
[TimeControl "180+2"]
[Date "2023.07.18"]
[WhiteClock "0:00:04"]
[BlackClock "0:01:00"]
[Board "127"]

1. e4 c5 2. b4 cxb4 3. a3 bxa3 4. Bxa3 d5 5. exd5 Qxd5 6. Nf3 Bg4 7. Nc3 Qe6+ 8. Be2 Bxf3 9. gxf3 Nf6 10. Rb1 b6 11. O-O g5 12. Re1 Nbd7 13. Nb5 Qc6 14. Nd6+ Kd8 15. Nxf7+ Kc7 16. Nxh8 e5 17. Nf7 Bxa3 18. f4 gxf4 19. d3 Rg8+ 0-1


[Site "https://www.chess.com"]

[Event "Titled Tuesday Blitz July 18 Early 2023"]
[White "MateoReyes"]
[Black "Dwilewicz, Katarzyna"]
[BlackFideId "1148486"]
[WhiteElo "2490"]
[BlackElo "2332"]
[Result "1-0"]
[Round "7"]
[TimeControl "180+2"]
[Date "2023.07.18"]
[WhiteClock "0:00:40"]
[BlackClock "0:00:00"]
[Board "128"]

1. Nf3 Nf6 2. d4 e6 3. c4 b6 4. g3 Bb7 5. Bg2 Be7 6. O-O O-O 7. d5 exd5 8. Nh4 c6 9. cxd5 Nxd5 10. Nf5 d6 11. e4 Nf6 12. Bf4 d5 13. e5 Ne4 14. Nc3 Nxc3 15. bxc3 Nd7 16. Qg4 g6 17. Nh6+ Kh8 18. Rfe1 Nc5 19. Rad1 Bc8 20. Qe2 Ne6 21. Bc1 Bg5 22. Ng4 Bd7 23. h4 Be7 24. Bh6 Rg8 25. c4 d4 26. Qf3 Be8 27. Nf6 Bxf6 28. exf6 Rc8 29. Rxe6 fxe6 30. f7 Bxf7 31. Qxf7 Rc7 32. Qxe6 Re8 33. Qg4 c5 34. Bd5 Rce7 35. Kg2 Qd6 36. Bg5 Rg7 37. Qf3 h5 38. Bf6 Rf8 39. Bxg7+ Kxg7 40. Qe2 Qf6 41. Re1 Kh6 42. Qd2+ Kg7 43. f4 1-0


[Site "https://www.chess.com"]

[Event "Titled Tuesday Blitz July 18 Early 2023"]
[White "Shapiro, Daniel"]
[Black "Wartiovaara, Oliver"]
[WhiteFideId "2001780"]
[BlackFideId "513024"]
[WhiteElo "2330"]
[BlackElo "2482"]
[Result "1-0"]
[Round "7"]
[TimeControl "180+2"]
[Date "2023.07.18"]
[WhiteClock "0:00:10"]
[BlackClock "0:00:07"]
[Board "129"]

1. d4 a6 2. c4 c5 3. d5 e6 4. a4 exd5 5. cxd5 d6 6. Nc3 Nf6 7. e4 g6 8. h3 Bg7 9. Nf3 O-O 10. Bd3 Re8 11. O-O Nbd7 12. Bf4 Qe7 13. Re1 Nh5 14. Bh2 Ne5 15. Be2 Rb8 16. Nxe5 Bxe5 17. Bxh5 Bxh2+ 18. Kxh2 Qe5+ 19. g3 gxh5 20. f4 Qd4 21. Qxd4 cxd4 22. Na2 Bd7 23. Nb4 a5 24. Nc2 d3 25. Nd4 Rec8 26. Rad1 Rc4 27. Rxd3 Rxa4 28. e5 Ra2 29. Rd2 a4 30. e6 Be8 31. Ree2 Rc8 32. Nf5 Rd8 33. e7 Rd7 34. Rc2 a3 35. bxa3 Rxc2 36. Rxc2 f6 37. Rc8 Kf7 38. Nh6+ Kxe7 39. Ng8+ Kf7 40. Rxe8 Kxe8 41. Nxf6+ Ke7 42. Nxd7 Kxd7 43. g4 hxg4 44. hxg4 Kc7 45. g5 Kb6 46. f5 Kc7 47. g6 hxg6 48. fxg6 1-0


[Site "https://www.chess.com"]

[Event "Titled Tuesday Blitz July 18 Early 2023"]
[White "Travadon, Loic"]
[Black "kuanysh1981"]
[WhiteFideId "26092131"]
[WhiteElo "2320"]
[BlackElo "2477"]
[Result "0-1"]
[Round "7"]
[TimeControl "180+2"]
[Date "2023.07.18"]
[WhiteClock "0:00:08"]
[BlackClock "0:01:21"]
[Board "130"]

1. d4 Nf6 2. c3 e6 3. Bf4 d5 4. Nd2 Bd6 5. Bg3 c5 6. e3 Qc7 7. Ngf3 Nbd7 8. Bb5 O-O 9. Bxd7 Nxd7 10. e4 cxd4 11. cxd4 dxe4 12. Nxe4 Bb4+ 13. Ned2 Qb6 14. O-O Nf6 15. Nc4 Qa6 16. Nce5 Bd7 17. Nxd7 Nxd7 18. Ne5 Nf6 19. a3 Be7 20. Qb3 Rfd8 21. Rad1 Rac8 22. Rd3 h6 23. Rfd1 Nd5 24. Ng4 Rc6 25. Ne3 Bf6 26. Nxd5 Rxd5 27. Be5 Bxe5 28. dxe5 Rxd3 29. Rxd3 Rc1+ 30. Rd1 Qc6 31. h3 b6 32. Qd3 Rc2 33. Qd8+ Kh7 34. Qd3+ g6 35. Qd7 Kg7 36. Qxc6 Rxc6 37. Rd7 a6 38. Rb7 g5 39. g3 Kg6 40. Kg2 b5 41. Ra7 Kf5 42. Rxf7+ Kxe5 43. Rh7 Rc2 44. b4 Rc3 45. Rxh6 Rxa3 46. Rh7 Ra4 47. Ra7 Rxb4 48. Rxa6 Rb3 49. Rb6 Kf5 50. g4+ Ke5 51. f3 b4 52. Kg3 Rb1 53. Rb5+ Kf6 54. h4 gxh4+ 55. Kxh4 b3 56. g5+ Kg6 57. Kg4 b2 58. Kf4 e5+ 59. Rxe5 Rg1 60. Re6+ Kf7 61. Rb6 b1=Q 62. Rxb1 Rxb1 63. Kf5 Rb5+ 64. Kg4 Kg6 65. f4 Rb4 66. Kf3 Kf5 67. Kg3 Rxf4 0-1


[Site "https://www.chess.com"]

[Event "Titled Tuesday Blitz July 18 Early 2023"]
[White "DCacheiro"]
[Black "Zaim, Marian"]
[BlackFideId "1204114"]
[WhiteElo "2465"]
[BlackElo "2311"]
[Result "1-0"]
[Round "7"]
[TimeControl "180+2"]
[Date "2023.07.18"]
[WhiteClock "0:00:17"]
[BlackClock "0:00:13"]
[Board "131"]

1. e4 d6 2. d4 Nf6 3. Nc3 g6 4. Nf3 Bg7 5. Be2 O-O 6. O-O Bg4 7. Be3 Nc6 8. d5 Bxf3 9. Bxf3 Ne5 10. Be2 c5 11. f4 Ned7 12. Bf3 Ne8 13. Qd2 Nc7 14. a4 Rb8 15. Ra2 b6 16. Ne2 a6 17. c3 b5 18. axb5 axb5 19. b4 Rb7 20. bxc5 Nxc5 21. Nd4 Qd7 22. Nc6 Ra8 23. Rxa8+ Nxa8 24. Ra1 Nb6 25. Bxc5 dxc5 26. e5 h5 27. h3 Nc4 28. Qf2 Bh6 29. Be4 b4 30. Ra8+ Kg7 31. Qxc5 Nd2 32. e6 fxe6 33. Qd4+ e5 34. Qxe5+ Kf7 35. Nd8+ Qxd8 36. Rxd8 bxc3 37. Qe6+ Kg7 38. Qxg6# 1-0


[Site "https://www.chess.com"]

[Event "Titled Tuesday Blitz July 18 Early 2023"]
[White "Luxama, Jacques Muller"]
[Black "Begunov, Konstantin"]
[WhiteFideId "11900113"]
[BlackFideId "4118510"]
[WhiteElo "2261"]
[BlackElo "2455"]
[Result "0-1"]
[Round "7"]
[TimeControl "180+2"]
[Date "2023.07.18"]
[WhiteClock "0:00:43"]
[BlackClock "0:00:17"]
[Board "132"]

1. e4 c5 2. Nf3 d6 3. Bb5+ Bd7 4. Bxd7+ Qxd7 5. O-O Nf6 6. Re1 Nc6 7. c3 e6 8. d4 cxd4 9. cxd4 d5 10. e5 Ne4 11. a3 Be7 12. Qd3 O-O 13. Nbd2 Nxd2 14. Bxd2 Rac8 15. Rac1 a6 16. h4 b5 17. Ng5 Bxg5 18. hxg5 Ne7 19. g4 Rxc1 20. Rxc1 Rc8 21. Re1 Rc4 22. Kg2 Qc6 23. Rh1 Ng6 24. f4 Rc2 25. Kg3 Qc4 26. Qxc4 dxc4 27. Bc3 Ne7 28. a4 Nd5 29. axb5 axb5 30. Ra1 g6 31. Ba5 Rxb2 32. Bd8 Kf8 33. Ra8 Ke8 34. Bb6+ Kd7 35. Bc5 Rb3+ 36. Kf2 c3 37. Ra7+ Kc6 38. Ke1 Rb1+ 39. Ke2 c2 40. Ba3 b4 41. Kd2 b3 42. Rxf7 Rd1+ 43. Ke2 Nc3+ 44. Ke3 Nd5+ 45. Ke2 c1=Q 46. Bxc1 Rxc1 47. Rxh7 b2 48. Rg7 b1=Q 49. Rxg6 Qxg6 50. Kd2 Qc2# 0-1


[Site "https://www.chess.com"]

[Event "Titled Tuesday Blitz July 18 Early 2023"]
[White "La Villa Rivas, Marlon Javier"]
[Black "Cheer_Down"]
[WhiteFideId "3519546"]
[WhiteElo "2254"]
[BlackElo "2452"]
[Result "1-0"]
[Round "7"]
[TimeControl "180+2"]
[Date "2023.07.18"]
[WhiteClock "0:00:15"]
[BlackClock "0:00:00"]
[Board "133"]

1. e4 c5 2. Nf3 d6 3. d4 cxd4 4. Nxd4 Nf6 5. Nc3 a6 6. Bg5 e6 7. f4 h6 8. Bh4 Qb6 9. Qd3 Qxb2 10. Rb1 Qa3 11. f5 Be7 12. fxe6 fxe6 13. Be2 Qc5 14. Bf2 Qa5 15. O-O Nc6 16. Nxc6 bxc6 17. e5 Qxe5 18. Qg6+ Kd7 19. Na4 Qxe2 20. Nb6+ Kd8 21. Nxa8 c5 22. Bxc5 dxc5 23. Rfd1+ Nd5 24. c4 Qxc4 25. Nb6 Qxa2 26. Nxc8 Bf6 27. Nd6 Kc7 28. Ne4 Bd4+ 29. Kh1 Rf8 30. Qxe6 Rd8 31. Qf7+ Rd7 32. Rb7+ Kxb7 33. Qxd7+ Nc7 34. Nd6+ Kb6 35. Nc8+ Kb7 36. Nd6+ Kb6 37. Qc8 Nb5 38. Qb7+ Ka5 39. Nxb5 Qb3 40. Ra1+ Bxa1 41. Qc7+ Kxb5 42. Qb7+ Kc4 43. Qxa6+ Kd5 44. Qxa1 c4 45. h3 c3 46. Qa5+ Kc4 47. Qc7+ Kd3 48. Qd6+ Ke2 49. Qe7+ Kd3 50. Qd7+ Ke2 51. Qxg7 c2 52. Qe5+ Kd1 53. Qd4+ Ke2 54. Qe4+ Kd2 55. Qd4+ Qd3 56. Qb4+ Kd1 57. Qa4 Ke1 58. Qb4+ Qd2 59. Qe4+ Kd1 60. Qg4+ Qe2 61. Qa4 Ke1 62. Qb4+ Kf1 63. Qf4+ Qf2 64. Qc1+ Qe1 65. Qxc2 Qe3 66. Qf5+ Ke2 67. Kh2 Kd2 68. Qd5+ Ke2 69. Qc4+ Kf2 70. Qa2+ Kf1 71. Qb1+ Ke2 72. Qc2+ Ke1 73. Qf5 Ke2 74. Qg4+ Kf2 75. Qh4+ 1-0


[Site "https://www.chess.com"]

[Event "Titled Tuesday Blitz July 18 Early 2023"]
[White "Gaal, Zsoka"]
[Black "UgarteCesar"]
[WhiteFideId "777765"]
[WhiteElo "2432"]
[BlackElo "2196"]
[Result "0-1"]
[Round "7"]
[TimeControl "180+2"]
[Date "2023.07.18"]
[WhiteClock "0:00:06"]
[BlackClock "0:01:26"]
[Board "134"]

1. Nf3 d5 2. b3 Nf6 3. Bb2 e6 4. g3 Nbd7 5. Bg2 a5 6. O-O a4 7. c4 c6 8. d3 Be7 9. Nbd2 O-O 10. e4 Nc5 11. Qe2 dxe4 12. dxe4 Qd3 13. Qxd3 Nxd3 14. Bc3 Nc5 15. e5 Nfe4 16. Bb4 Nxd2 17. Nxd2 Re8 18. Rfd1 axb3 19. Bxc5 b2 20. Rab1 Bxc5 21. Ne4 Ba3 22. Nd6 Rd8 23. Be4 f5 24. Bc2 Kf8 25. Rd2 Ke7 26. Rbd1 Bxd6 27. exd6+ Kf6 28. Bb1 Ra4 29. d7 Bxd7 30. Rxd7 Rxd7 31. Rxd7 Rxc4 32. Rxb7 Rc1+ 33. Kg2 Rxb1 34. a4 c5 35. a5 c4 36. a6 c3 37. a7 Ra1 0-1


[Site "https://www.chess.com"]

[Event "Titled Tuesday Blitz July 18 Early 2023"]
[White "Uzcategui Rodriguez, Alejandro"]
[Black "LLariMarc"]
[WhiteFideId "3903400"]
[WhiteElo "2432"]
[BlackElo "2183"]
[Result "1-0"]
[Round "7"]
[TimeControl "180+2"]
[Date "2023.07.18"]
[WhiteClock "0:01:52"]
[BlackClock "0:02:13"]
[Board "135"]

1. b3 c5 2. Bb2 Nc6 3. e3 d6 4. Nf3 Bd7 5. d4 cxd4 6. Nxd4 Nf6 7. Be2 Rc8 8. O-O a6 9. c4 g6 10. Nc3 Bg7 11. Nd5 O-O 12. Nxc6 bxc6 13. Nxf6+ exf6 14. Qxd6 Be6 15. Rad1 Qa5 16. Qa3 Qg5 17. g3 h5 18. Qd6 h4 19. Qf4 hxg3 20. hxg3 Qa5 21. a3 c5 22. Bxf6 Qxa3 23. Bxg7 Kxg7 24. Qe5+ Kg8 25. Kg2 Rc6 26. Bf3 Rb6 27. Rh1 f6 28. Qc7 Qxb3 29. Qh7# 1-0


[Site "https://www.chess.com"]

[Event "Titled Tuesday Blitz July 18 Early 2023"]
[White "Filgueira, Hernan"]
[Black "Mejia, Cherry Ann"]
[WhiteFideId "101770"]
[BlackFideId "5206880"]
[WhiteElo "2575"]
[BlackElo "2356"]
[Result "0-1"]
[Round "7"]
[TimeControl "180+2"]
[Date "2023.07.18"]
[WhiteClock "0:00:00"]
[BlackClock "0:00:18"]
[Board "136"]

1. e4 c5 2. Nf3 Nc6 3. Bb5 Qb6 4. Nc3 e6 5. O-O a6 6. Bxc6 Qxc6 7. d4 cxd4 8. Nxd4 Qc7 9. Kh1 Nf6 10. f4 d6 11. e5 dxe5 12. fxe5 Qxe5 13. Bf4 Qa5 14. Re1 Be7 15. Nb3 Qd8 16. Qf3 O-O 17. Rad1 Qb6 18. Be3 Qc7 19. Na4 Bd7 20. Nb6 Rad8 21. Nxd7 Rxd7 22. Rxd7 Qxd7 23. c4 Rc8 24. c5 h6 25. h3 Nd5 26. Bf2 Bf6 27. Re2 Qb5 28. g4 Qc4 29. h4 Qf4 30. Qxf4 Nxf4 31. Rd2 Nd5 32. Na5 Rc7 33. a3 Be5 34. b4 Bf4 35. Rd3 g5 36. hxg5 hxg5 37. Kg2 Kg7 38. Kf3 Kg6 39. Nc4 f5 40. gxf5+ Kxf5 41. Kg2 g4 42. Rd1 Rh7 43. Na5 Rh2+ 44. Kg1 g3 45. Bd4 Be3+ 46. Bxe3 Nxe3 47. Rd8 Rg2+ 48. Kh1 Rf2 49. Rf8+ Ke4 0-1


[Site "https://www.chess.com"]

[Event "Titled Tuesday Blitz July 18 Early 2023"]
[White "Vlassov, Nikolai"]
[Black "Nithyalakshmi, Sivanesan"]
[WhiteFideId "4103360"]
[BlackFideId "5706955"]
[WhiteElo "2566"]
[BlackElo "2353"]
[Result "1-0"]
[Round "7"]
[TimeControl "180+2"]
[Date "2023.07.18"]
[WhiteClock "0:00:14"]
[BlackClock "0:00:16"]
[Board "137"]

1. e4 e6 2. c4 d5 3. cxd5 exd5 4. Qb3 dxe4 5. Bc4 Qf6 6. Nc3 Nc6 7. Nxe4 Qe7 8. d3 f5 9. Bxg8 fxe4 10. dxe4 Qxe4+ 11. Ne2 Bb4+ 12. Kf1 Bd7 13. Qf7+ Kd8 14. Bg5+ Kc8 15. Rd1 Qe8 16. Qxe8+ Bxe8 17. Be6+ Kb8 18. h4 b6 19. Rh3 Kb7 20. Bd5 a5 21. Nd4 Bc5 22. Ne6 Bd6 23. Rc3 h6 24. Be3 Bb4 25. Rc4 g6 26. Rdc1 Rh7 27. Bxc6+ Bxc6 28. Rxc6 Re8 29. Bf4 Ree7 30. Rxc7+ Rxc7 31. Rxc7+ Rxc7 32. Nxc7 Kc6 33. Ne6 Kd5 34. Nd8 Ke4 35. Bxh6 Be7 36. Nc6 Bxh4 37. Ke2 Kd5 38. Na7 Bf6 39. b3 Kd6 40. Be3 Kc7 41. Nb5+ Kc6 42. Nd4+ Kd5 43. Kd3 g5 44. Nf3 g4 45. Nh2 g3 46. fxg3 Be5 47. Nf1 Bd6 48. g4 Bc7 49. g5 Ke6 50. Ke4 Kf7 51. Nd2 Kg6 52. Nc4 b5 53. Ne5+ 1-0


[Site "https://www.chess.com"]

[Event "Titled Tuesday Blitz July 18 Early 2023"]
[White "micke12a"]
[Black "Turzo, Attila"]
[BlackFideId "704954"]
[WhiteElo "2340"]
[BlackElo "2510"]
[Result "0-1"]
[Round "7"]
[TimeControl "180+2"]
[Date "2023.07.18"]
[WhiteClock "0:00:28"]
[BlackClock "0:00:11"]
[Board "138"]

1. d4 Nf6 2. Nc3 g6 3. e4 d6 4. Be3 c6 5. f3 b5 6. a4 b4 7. Nce2 Nbd7 8. Qd2 a5 9. O-O-O Ba6 10. Bh6 Bxh6 11. Qxh6 c5 12. dxc5 Nxc5 13. e5 Nfd7 14. exd6 Nxa4 15. Qg7 Rf8 16. Nd4 Bxf1 17. dxe7 Qxe7 18. Rxf1 O-O-O 19. Nc6 Qe3+ 20. Kb1 Rde8 21. Nh3 Qc5 22. Nd4 Rg8 23. Qxf7 Qxd4 24. Qb3 Ndc5 25. Qa2 Rg7 26. Rd1 Qf6 27. Nf2 Rb7 28. Ne4 Nxe4 29. Qxa4 Nc3+ 30. bxc3 bxc3+ 31. Ka1 Re5 32. Rd4 Qb6 33. Qc4+ Kb8 34. Qxc3 Rc5 35. Qa3 Rxc2 36. Qd6+ Qxd6 37. Rxd6 Rxg2 38. Rd5 Rbb2 39. Rxa5 Rxh2 40. Rb5+ Rxb5 41. Rxh2 h5 42. Rg2 Rb6 43. f4 Kc7 44. f5 gxf5 45. Rg5 Rh6 46. Rxf5 h4 47. Rf2 h3 48. Rh2 Kd6 49. Kb2 Ke5 50. Kc2 Kf4 51. Kd2 Kg3 52. Rh1 Kg2 53. Re1 h2 54. Re2+ Kf3 55. Re3+ Kf2 56. Re2+ Kf3 57. Re3+ Kf4 0-1


[Site "https://www.chess.com"]

[Event "Titled Tuesday Blitz July 18 Early 2023"]
[White "Borrmann, Laurenz"]
[Black "Llanos, Guillermo"]
[WhiteFideId "312187930"]
[BlackFideId "100358"]
[WhiteElo "2506"]
[BlackElo "2338"]
[Result "0-1"]
[Round "7"]
[TimeControl "180+2"]
[Date "2023.07.18"]
[WhiteClock "0:00:00"]
[BlackClock "0:00:56"]
[Board "139"]

1. d4 Nf6 2. c4 b6 3. Nc3 Bb7 4. Qc2 d5 5. cxd5 Nxd5 6. e4 Nxc3 7. bxc3 g6 8. Nf3 Bg7 9. h4 h6 10. h5 g5 11. Bb5+ c6 12. Bd3 c5 13. e5 Bxf3 14. gxf3 cxd4 15. e6 fxe6 16. Bc4 O-O 17. Qe4 Nd7 18. Qxe6+ Kh8 19. f4 gxf4 20. Rg1 Rf6 21. Qg4 Qf8 22. Qxd7 Rd8 23. Qg4 dxc3 24. Bxf4 Rxf4 25. Qe6 Rd6 26. Qe2 c2 27. Rc1 Bc3+ 28. Kf1 Rd2 0-1


[Site "https://www.chess.com"]

[Event "Titled Tuesday Blitz July 18 Early 2023"]
[White "Korpics, Zsolt"]
[Black "Horak, Martin"]
[WhiteFideId "705241"]
[BlackFideId "367095"]
[WhiteElo "2333"]
[BlackElo "2498"]
[Result "0-1"]
[Round "7"]
[TimeControl "180+2"]
[Date "2023.07.18"]
[WhiteClock "0:00:09"]
[BlackClock "0:01:09"]
[Board "140"]

1. e4 c5 2. Nf3 Nc6 3. d4 cxd4 4. Nxd4 Nf6 5. Nc3 e5 6. Ndb5 d6 7. Bg5 a6 8. Na3 b5 9. Nd5 Be7 10. Bxf6 Bxf6 11. c4 b4 12. Nc2 O-O 13. g3 a5 14. Bg2 Bg5 15. O-O Be6 16. f4 Bf6 17. Nxf6+ Qxf6 18. Qxd6 Bxc4 19. Qxf6 gxf6 20. Rfd1 Rfd8 21. b3 Be2 22. Re1 Rd2 23. Ne3 Nd4 24. h4 Rc8 25. Kh2 Bf3 26. Kh3 h5 27. Rf1 Bxg2+ 28. Nxg2 Rcc2 29. Rg1 Nf3 30. fxe5 fxe5 31. Raf1 Nxg1+ 32. Rxg1 Rxa2 33. g4 hxg4+ 34. Kg3 Rxg2+ 35. Rxg2 Rxg2+ 36. Kxg2 a4 37. bxa4 b3 38. a5 b2 39. a6 b1=Q 40. a7 Qa2+ 41. Kg3 Qxa7 42. Kxg4 Qe3 43. Kf5 Qf4# 0-1


[Site "https://www.chess.com"]

[Event "Titled Tuesday Blitz July 18 Early 2023"]
[White "Ansh M Shah"]
[Black "kiwibobo"]
[WhiteFideId "25033379"]
[WhiteElo "2486"]
[BlackElo "2324"]
[Result "1-0"]
[Round "7"]
[TimeControl "180+2"]
[Date "2023.07.18"]
[WhiteClock "0:00:04"]
[BlackClock "0:00:04"]
[Board "141"]

1. Nf3 Nf6 2. g3 g6 3. Bg2 Bg7 4. O-O O-O 5. b3 d5 6. Bb2 c6 7. c4 a5 8. Nc3 Ne4 9. Qc2 Bf5 10. d3 Nf6 11. Rad1 Na6 12. Rfe1 Nc5 13. Nd4 Bc8 14. Nf3 Bf5 15. Nh4 Bc8 16. e4 d4 17. e5 Ng4 18. Ne4 Nxe4 19. Rxe4 Nxe5 20. Rxd4 Qc7 21. Re4 Be6 22. Rde1 Nd7 23. Bxg7 Kxg7 24. d4 Nf6 25. R4e2 Rad8 26. Qc3 Qb6 27. Nf3 Bg4 28. Rxe7 Bxf3 29. Bxf3 Qxd4 30. Qxd4 Rxd4 31. Rxb7 Rd2 32. Re2 Rd1+ 33. Kg2 Ra1 34. Ra7 Rd8 35. Rxa5 Rdd1 36. h3 Rg1+ 37. Kh2 h5 38. Ra7 Rgf1 39. Rae7 Nh7 40. Bg2 Rfc1 41. Rc7 Ng5 42. Rxc6 h4 43. gxh4 Ne6 44. Rcxe6 fxe6 45. Bf3 Rxa2 46. Rxa2 Rxc4 47. bxc4 e5 48. Re2 1-0


[Site "https://www.chess.com"]

[Event "Titled Tuesday Blitz July 18 Early 2023"]
[White "ExchangeAB"]
[Black "Ljukin, Sergei"]
[BlackFideId "14102200"]
[WhiteElo "2319"]
[BlackElo "2466"]
[Result "0-1"]
[Round "7"]
[TimeControl "180+2"]
[Date "2023.07.18"]
[WhiteClock "0:00:00"]
[BlackClock "0:00:05"]
[Board "142"]

1. d4 d5 2. Nc3 Nf6 3. Bf4 a6 4. e3 e6 5. Nf3 Bb4 6. Bd3 c5 7. dxc5 Bxc5 8. Ne5 Nc6 9. O-O O-O 10. e4 d4 11. Ne2 Nh5 12. Nxc6 bxc6 13. Bd2 Nf6 14. Ng3 e5 15. h3 Re8 16. Nh5 g6 17. Nxf6+ Qxf6 18. Qc1 Bf8 19. Bg5 Qd6 20. b3 Be6 21. f4 exf4 22. Bxf4 Qc5 23. Bh6 Bg7 24. Bxg7 Kxg7 25. Qf4 Qe7 26. e5 c5 27. Rae1 Bd5 28. g4 a5 29. a4 Rab8 30. g5 Rb6 31. h4 Re6 32. Bb5 Rf8 33. Rf2 Rh8 34. Ref1 Rb6 35. Bc4 Bxc4 36. bxc4 Rf8 37. Qe4 Re6 38. Qd5 h6 39. gxh6+ Kxh6 40. h5 Qg5+ 41. Rg2 Qe3+ 42. Kh1 Qxe5 43. Qxe5 Rxe5 44. hxg6 Rh5+ 45. Kg1 Rg5 46. Rxg5 Kxg5 47. g7 Rg8 48. Rxf7 Kg6 49. Rc7 Rxg7 50. Rxc5 Re7 51. Rxa5 Re2 52. Rd5 Rxc2 53. Rxd4 Kf5 54. Kf1 Ke5 55. Rd5+ Ke6 56. Rc5 Kd6 57. Rd5+ Kc6 58. Rd4 Kc5 59. Rd8 Rxc4 0-1


[Site "https://www.chess.com"]

[Event "Titled Tuesday Blitz July 18 Early 2023"]
[White "Saucey, Michel"]
[Black "Liu, Casper"]
[WhiteFideId "601845"]
[BlackFideId "1454153"]
[WhiteElo "2319"]
[BlackElo "2454"]
[Result "1-0"]
[Round "7"]
[TimeControl "180+2"]
[Date "2023.07.18"]
[WhiteClock "0:01:26"]
[BlackClock "0:01:03"]
[Board "143"]

1. d4 Nf6 2. Nf3 g6 3. c4 Bg7 4. g3 O-O 5. Bg2 d6 6. Nc3 Bf5 7. O-O c6 8. Ne1 Nbd7 9. e4 Bg4 10. Qc2 c5 11. d5 Ne5 12. h3 Bd7 13. Qe2 Nh5 14. Kh2 f5 15. exf5 Bxf5 16. f4 e6 17. dxe6 Bxe6 18. Nd5 Kh8 19. fxe5 Rxf1 20. Qxf1 Bxd5 21. Bxd5 Bxe5 22. Bf4 Bxf4 23. gxf4 Qh4 24. Qf3 Nxf4 25. Qc3+ 1-0


[Site "https://www.chess.com"]